 Dungeon Crawl Stone Soup version 0.29.0-4-gdea44cf6ec (webtiles) character file.

Game seed: 16472557840262523985

1131 qw the Chopper (level 8, -1/68 HPs)
             Began as a Ghoul Summoner on Sept 10, 2022.
             Slain by an orc
             ... wielding a +0 trident of flaming
              (3 damage)
             ... on level 6 of the Dungeon.
             The game lasted 00:02:22 (5939 turns).

qw the Chopper (Ghoul Summoner)                     Turns: 5939, Time: 00:02:22

Health: -1/68      AC: 10    Str: 14    XL:     8   Next: 36%
Magic:  9/9        EV:  9    Int: 10    God:
Gold:   235        SH:  0    Dex:  9    Spells: 9/10 levels left

rFire   . . .      SeeInvis .   Y - +1 hand axe (freeze)
rCold   + . .      Faith    .   (no shield)
rNeg    + + +      Spirit   .   o - +0 scale mail
rPois   inf        Reflect  .   (no helmet)
rElec   .          Harm     .   k - +2 cloak
rCorr   .          Rampage  .   m - +0 pair of gloves
Will    +....                   (no boots)
Stlth   ..........              (no amulet)
HPRegen 0.00/turn               a - ring of willpower
MPRegen 0.11/turn               (no ring)

@: inhibited regen
A: claws 1, cold resistance 1, negative energy resistance 3, inhibited
regeneration, torment resistance 2, devour on kill
a: no special abilities


You were on level 6 of the Dungeon.
You visited 1 branch of the dungeon, and saw 6 of its levels.

You collected 235 gold pieces.


Innate Abilities, Weirdness & Mutations

You are immune to poison.
You have sharp fingernails.
Your flesh is cold resistant. (rC+)
You are immune to negative energy. (rN+++)
You do not regenerate when monsters are visible.
You are immune to unholy pain and torment.
You thrive by killing the living.


   Skills:
 - Level 5.0 Fighting
 - Level 7.1 Axes
 - Level 1.3 Throwing
 + Level 1.6 Armour
 - Level 1.7 Dodging
 - Level 2.1 Stealth
 - Level 1.7 Spellcasting
 - Level 3.6 Summonings


You had 9 spell levels left.
You knew the following spells:

 Your Spells              Type           Power      Damage    Failure   Level
a - Summon Small Mammal   Summ           32%        N/A       30%         1

Your spell library contained the following spells:

 Spells                   Type           Power      Damage    Failure   Level
 Call Imp                 Summ           8%         N/A       43%         2
 Call Canine Familiar     Summ           8%         N/A       67%         3
 Summon Guardian Golem    Hex/Summ       4%         N/A       89%         3
 Summon Lightning Spire   Summ/Air       4%         N/A       100%        4

Inventory:

Hand Weapons
 b - a +0 flail
 Y - a +1 hand axe of freezing (weapon)
Missiles
 c - 5 javelins (quivered)
Armour
 k - a +2 cloak (worn)
 m - a +0 pair of gloves (worn)
 o - a +0 scale mail (worn)
Jewellery
 a - a ring of willpower (left hand)
Scrolls
 g - a scroll of identify
Potions
 d - a potion of ambrosia {unknown}
 e - a potion of lignification {unknown}
 h - a potion of attraction {unknown}
 l - 2 potions of curing

Dungeon Overview and Level Annotations

Branches:
Dungeon (6/15)
 Temple: D:4-7

Altars:
Vehumet
Yredelemnul

Annotations:
D:4 1 runed translucent door, Crazy Yiuf


Message History

The white imp is almost dead.
The orc hits you but does no damage. The white imp gestures at you.
The puff of frost hits you. You resist.
You hit the white imp.
The white imp is almost dead.
The orc closely misses you. The white imp gestures at you.
The puff of frost hits you. You resist.
You closely miss the white imp.
The white imp is almost dead.
You hit the white imp but do no damage.
The white imp is almost dead.
The white imp gestures at you. The puff of frost hits you. You resist.
The orc barely misses you.
You barely miss the white imp.
The white imp is almost dead.
The white imp hits you but does no damage.
The orc hits you from afar with a +0 trident of flaming.
The orc burns you.
You closely miss the white imp.
The white imp is almost dead.
The white imp gestures at you. The puff of frost misses you.
The orc hits you from afar with a +0 trident of flaming.
The orc burns you.
You hit the white imp.
You kill the white imp!
The orc hits you but does no damage.
Your Fighting skill increases to level 5!
The orc barely misses you.
Items here: %% ) [.
You closely miss the orc. The orc hits you but does no damage.
You barely miss the orc.
The orc hits you with a +0 trident of flaming.
The orc burns you.
You hit the orc but do no damage.
The orc hits you with a +0 trident of flaming.
You die...

. .. ... ..
#.########
#..).<...##.
#..)@.......#
#....o......#
#...........#
#......!....#
#.......$...#
#...........#
##...##....##
#...# ....#


You could see an orc.

Vanquished Creatures
  A sky beast (D:4)
  2 centaurs (D:5)
  2 ogres (D:5)
  A kobold brigand (D:5)
  A necrophage (D:5)
  3 scorpions
  2 jellies
  2 orc priests
  Ijyb (D:4)
  3 iguanas
  An orc wizard (D:5)
  6 adders
  A white imp (D:6)
  An ufetubus (D:5)
  2 dart slugs (D:4)
  10 orcs
  6 endoplasms
  2 giant cockroaches
  6 goblins
  9 hobgoblins
  6 jackals (D:3)
  10 kobolds
  4 quokkas
  7 ball pythons
  5 bats
  A frilled lizard (D:2)
  2 rats
97 creatures vanquished.

Vanquished Creatures (collateral kills)
  An endoplasm (D:1)
  2 ball pythons (D:1)
  2 frilled lizards (D:1)
5 creatures vanquished.

Grand Total: 102 creatures vanquished

Notes
Turn   | Place    | Note
-------+----------+-------------------------------------------
     0 | D:1      | qw the Ghoul Summoner began the quest for the Orb.
     0 | D:1      | Reached XP level 1. HP: 14/14 MP: 2/2
     0 | D:1      | 0 ||| qw: Version: 0.1-a-113-g051387a
     0 | D:1      | 0 ||| qw: Game counter: 7363
     0 | D:1      | 0 ||| qw: Always use a shield: true
     0 | D:1      | 0 ||| qw: God list: Okawaru
     0 | D:1      | 0 ||| qw: Allow faded altars: false
     0 | D:1      | 0 ||| qw: Do Orc after D:15 true
     0 | D:1      | 0 ||| qw: Do second Lair branch before Depths: true
     0 | D:1      | 0 ||| qw: Lair rune preference: random
     0 | D:1      | 0 ||| qw: Plans: Normal
     0 | D:1      | 0 ||| PLANNING D:1-11
    10 | D:1      | 10 ||| Wielding weapon +0 hand axe.
    15 | D:1      | 15 ||| CASTING Summon Small Mammal
    16 | D:1      | 16 ||| CASTING Summon Small Mammal
    50 | D:1      | 50 ||| CASTING Summon Small Mammal
    55 | D:1      | 55 ||| CASTING Summon Small Mammal
    57 | D:1      | Reached skill level 1 in Axes
    84 | D:1      | 84 ||| CASTING Summon Small Mammal
    85 | D:1      | 85 ||| CASTING Summon Small Mammal
    99 | D:1      | Reached XP level 2. HP: 19/22 MP: 1/3
   184 | D:1      | 184 ||| CASTING Summon Small Mammal
   185 | D:1      | 185 ||| CASTING Summon Small Mammal
   186 | D:1      | 186 ||| CASTING Summon Small Mammal
   188 | D:1      | Reached skill level 1 in Fighting
   227 | D:1      | 227 ||| CASTING Summon Small Mammal
   228 | D:1      | 228 ||| CASTING Summon Small Mammal
   229 | D:1      | 229 ||| CASTING Summon Small Mammal
   272 | D:1      | 272 ||| CASTING Summon Small Mammal
   273 | D:1      | 273 ||| CASTING Summon Small Mammal
   274 | D:1      | 274 ||| CASTING Summon Small Mammal
   322 | D:1      | 322 ||| CASTING Summon Small Mammal
   323 | D:1      | 323 ||| CASTING Summon Small Mammal
   324 | D:1      | 324 ||| CASTING Summon Small Mammal
   394 | D:1      | 394 ||| CASTING Summon Small Mammal
   395 | D:1      | 395 ||| CASTING Summon Small Mammal
   396 | D:1      | 396 ||| CASTING Summon Small Mammal
   432 | D:1      | 432 ||| CASTING Summon Small Mammal
   433 | D:1      | 433 ||| CASTING Summon Small Mammal
   434 | D:1      | 434 ||| CASTING Summon Small Mammal
   523 | D:1      | 523 ||| CASTING Summon Small Mammal
   526 | D:1      | 526 ||| CASTING Summon Small Mammal
   529 | D:1      | 529 ||| CASTING Summon Small Mammal
   535 | D:1      | 535 ||| CASTING Summon Small Mammal
   575 | D:1      | 575 ||| CASTING Summon Small Mammal
   576 | D:1      | 576 ||| CASTING Summon Small Mammal
   577 | D:1      | 577 ||| CASTING Summon Small Mammal
   659 | D:1      | 659 ||| CASTING Summon Small Mammal
   660 | D:1      | 660 ||| CASTING Summon Small Mammal
   661 | D:1      | 661 ||| CASTING Summon Small Mammal
   843 | D:1      | 843 ||| CASTING Summon Small Mammal
   844 | D:1      | 844 ||| CASTING Summon Small Mammal
   845 | D:1      | 845 ||| CASTING Summon Small Mammal
   921 | D:1      | 921 ||| UPGRADING to +0 leather armour.
   931 | D:1      | 931 ||| DROPPING +0 robe.
   932 | D:1      | 932 ||| UPGRADING to +2 cloak.
   937 | D:1      | 937 ||| UPGRADING to +0 pair of gloves.
   942 | D:1      | 942 ||| UPGRADING to +0 scale mail.
   952 | D:1      | 952 ||| DROPPING +0 leather armour.
   953 | D:1      | 953 ||| READING scroll labelled SAPINEVIEDGH.
   954 | D:1      | 954 ||| READING 2 scrolls labelled LATUPA GECOFRA.
   955 | D:1      | 955 ||| READING scroll labelled SICWEMY LIRA.
   956 | D:1      | 956 ||| READING scroll labelled QAVIMANKESH.
   957 | D:1      | 957 ||| READING scroll labelled ODEAPH NIYTUM.
   958 | D:1      | 958 ||| READING scroll labelled ROCWIO CU GOTT.
   959 | D:1      | 959 ||| DROPPING potion of magic.
  1160 | D:2      | Reached skill level 2 in Axes
  1160 | D:2      | Reached XP level 3. HP: 16/28 MP: 4/4
  1292 | D:2      | 1292 ||| Stepping ~*~*~tactically~*~*~ (stealth).
  1293 | D:2      | 1293 ||| Stepping ~*~*~tactically~*~*~ (stealth).
  1414 | D:2      | Found a faded altar of an unknown god.
  1541 | D:2      | Reached XP level 4. HP: 36/36 MP: 5/5
  1559 | D:2      | 1559 ||| Stepping ~*~*~tactically~*~*~ (stealth).
  1560 | D:2      | 1560 ||| Stepping ~*~*~tactically~*~*~ (stealth).
  1824 | D:2      | 1824 ||| UPGRADING to ring of willpower.
  1825 | D:2      | 1825 ||| DRINKING 2 fuming red potions.
  1826 | D:2      | 1826 ||| READING 3 scrolls of identify.
  1826 | D:2      | 1826 ||| IDENTIFYING fizzy yellow potion
  1827 | D:2      | 1827 ||| READING 2 scrolls of identify.
  1827 | D:2      | 1827 ||| IDENTIFYING bubbling emerald potion
  1828 | D:2      | 1828 ||| DROPPING potion of brilliance.
  1829 | D:2      | 1829 ||| DROPPING potion of flight.
  1867 | D:3      | 1867 ||| STAIRDANCE
  1961 | D:3      | Reached skill level 3 in Axes
  2115 | D:3      | 2115 ||| DROPPING +0 mace.
  2168 | D:3      | You fall into a shaft and drop 1 floor!
  2179 | D:4      | Noticed Ijyb
  2181 | D:4      | Noticed a scorpion
  2182 | D:4      | 2182 ||| Stepping ~*~*~tactically~*~*~ (stealth).
  2185 | D:4      | 2185 ||| Stepping ~*~*~tactically~*~*~ (stealth).
  2187 | D:4      | Reached skill level 1 in Armour
  2187 | D:4      | Reached XP level 5. HP: 36/41 MP: 6/6
  2197 | D:4      | HP: 7/41 [scorpion (5)]
  2198 | D:4      | Killed Ijyb
  2206 | D:4      | HP: 1/41 [scorpion (6)]
  2208 | D:4      | Reached skill level 4 in Axes
  2519 | D:4      | 2519 ||| Stepping ~*~*~tactically~*~*~ (stealth).
  2522 | D:4      | 2522 ||| Stepping ~*~*~tactically~*~*~ (stealth).
  2523 | D:4      | 2523 ||| Stepping ~*~*~tactically~*~*~ (stealth).
  2539 | D:4      | Reached XP level 6. HP: 23/50 MP: 7/7
  2774 | D:4      | Reached skill level 3 in Fighting
  2994 | D:3      | 2994 ||| Stepping ~*~*~tactically~*~*~ (stealth).
  3001 | D:3      | 3001 ||| Stepping ~*~*~tactically~*~*~ (stealth).
  3002 | D:3      | 3002 ||| Stepping ~*~*~tactically~*~*~ (stealth).
  3018 | D:3      | 3018 ||| Stepping ~*~*~tactically~*~*~ (stealth).
  3615 | D:3      | 3615 ||| READING scroll labelled KEIGIOH HEAQY.
  3655 | D:4      | Found a runed translucent door.
  3656 | D:4      | Noticed Crazy Yiuf
  3784 | D:4      | Noticed a sky beast
  3802 | D:4      | HP: 9/51 [sky beast (5)]
  3804 | D:4      | Killed a sky beast
  3805 | D:4      | Reached skill level 5 in Axes
  3805 | D:4      | Reached XP level 7. HP: 10/57 MP: 8/8
  4111 | D:4      | 4111 ||| DRINKING 2 fuming grey potions.
  4157 | D:5      | Entered Level 5 of the Dungeon
  4182 | D:5      | Found a basalt altar of Yredelemnul.
  4184 | D:5      | 4184 ||| Stepping ~*~*~tactically~*~*~ (hiding).
  4253 | D:5      | 4253 ||| Stepping ~*~*~tactically~*~*~ (stealth).
  4259 | D:5      | 4259 ||| FLEEEEING.
  4269 | D:5      | 4269 ||| STAIRDANCE
  4415 | D:4      | 4415 ||| READING scroll labelled CUOFRU SOETO.
  4481 | D:5      | HP: 14/60 [ogre/+0 giant club (4)]
  4482 | D:5      | 4482 ||| DRINKING potion of heal wounds.
  4486 | D:5      | 4486 ||| FLEEEEING.
  4490 | D:5      | 4490 ||| FLEEEEING.
  4491 | D:5      | 4491 ||| FLEEEEING.
  4495 | D:5      | 4495 ||| FLEEEEING.
  4496 | D:5      | 4496 ||| FLEEEEING.
  4497 | D:5      | 4497 ||| STAIRDANCE
  4842 | D:5      | 4842 ||| STAIRDANCE
  5030 | D:5      | 5030 ||| Stepping ~*~*~tactically~*~*~ (stealth).
  5032 | D:5      | 5032 ||| Stepping ~*~*~tactically~*~*~ (hiding).
  5108 | D:5      | Reached skill level 6 in Axes
  5316 | D:5      | 5316 ||| Stepping ~*~*~tactically~*~*~ (hiding).
  5332 | D:5      | Reached XP level 8. HP: 43/67 MP: 9/9
  5473 | D:5      | Found a radiant altar of Vehumet.
  5513 | D:5      | Reached skill level 1 in Throwing
  5670 | D:5      | 5670 ||| Stepping ~*~*~tactically~*~*~ (stealth).
  5681 | D:5      | 5681 ||| FLEEEEING.
  5682 | D:5      | 5682 ||| FLEEEEING.
  5683 | D:5      | 5683 ||| FLEEEEING.
  5685 | D:5      | 5685 ||| FLEEEEING.
  5686 | D:5      | 5686 ||| FLEEEEING.
  5687 | D:5      | 5687 ||| FLEEEEING.
  5688 | D:5      | 5688 ||| FLEEEEING.
  5689 | D:5      | 5689 ||| FLEEEEING.
  5690 | D:5      | 5690 ||| FLEEEEING.
  5694 | D:5      | 5694 ||| FLEEEEING.
  5745 | D:5      | 5745 ||| Stepping ~*~*~tactically~*~*~ (stealth).
  5798 | D:5      | 5798 ||| Stepping ~*~*~tactically~*~*~ (stealth).
  5809 | D:5      | Reached skill level 7 in Axes
  5873 | D:5      | 5873 ||| READING scroll labelled SIBLIY IHUTO.
  5929 | D:6      | HP: 16/67 [white imp/puff of frost (2)]
  5934 | D:6      | HP: 7/67 [orc/+0 trident of flaming (1)]
  5938 | D:6      | HP: 3/68 [orc/+0 trident of flaming (3)]
  5939 | D:6      | Slain by an orc

Levels and vault maps discovered:
D:1:      dpeg_arrival_morbid_curiosity, layout_rooms
D:2:      layout_basic, dreamdust_ecumenical_altar_statues
D:3:      layout_loops_ring, serial_glass, glass_columns_a, glass_columns_a
D:4:      layout_rooms, grunt_decor_resistance, uniq_ijyb,
          uniq_crazy_yiuf_cottage
D:5:      layout_rooms, mainiacjoe_overflow_24_doors, lemuel_doored_altar
D:6:      layout_gridville, nicolae_wu_jian_wuxing_cycle, uniq_prince_ribbit1

Skill      XL: |  1  2  3  4  5  6  7  8 |
---------------+-------------------------+-----
Axes           | 1 2 3 4 5 6 7 |  7.1
Fighting       | 1 2 3 4 5 |  5.0
Armour         | 1 |  1.6
Throwing       | 1 |  1.3
Dodging        | |  1.7
Stealth        | |  2.1
Spellcasting   | |  1.7
Summonings     | |  3.6

Action                   |  1- 3 |  4- 6 |  7- 9 || total
-------------------------+-------+-------+-------++-------
Melee: Hand axe          |   105 |   215 |   156 ||   476
       Punch             |       |     2 |     5 ||     7
Throw: Javelin           |       |       |     8 ||     8
 Cast: Summon Small Mamm |    33 |       |       ||    33
  Use: Scroll            |     6 |     3 |     2 ||    11
       Potion            |       |     1 |     2 ||     3
Armor: Robe              |    10 |       |       ||    10
       Scale mail        |    33 |   110 |    97 ||   240
Dodge: Dodged            |    54 |   109 |    73 ||   236

Table legend:
 A = Non-vault XP
 B = Vault XP
 C = Vault XP percentage of total XP
 D = Non-vault monster count
 E = Vault monster count
 F = Vault count percentage of total count
                 A         B        C        D         E       F
            +---------+---------+-------+---------+---------+-------
      Total |    1571 |      46 |   2.8 |      96 |       6 |   5.9
            +---------+---------+-------+---------+---------+-------
        D:1 |      18 |      10 |  35.7 |      12 |       5 |  29.4
        D:2 |      62 |       0 |   0.0 |      16 |       0 |   0.0
        D:3 |     100 |       0 |   0.0 |      26 |       0 |   0.0
        D:4 |     410 |      36 |   8.1 |      16 |       1 |   5.9
        D:5 |     889 |       0 |   0.0 |      21 |       0 |   0.0
        D:6 |      92 |       0 |   0.0 |       5 |       0 |   0.0
            +---------+---------+-------+---------+---------+-------
